 Seeded DCSS version 0.30.1-3-gfc49f6343a (webtiles) character file.

Game seed: 20230804 (custom seed)

56 AccursedSamuel the Shield-Bearer (level 3, -4/36 HPs)
             Began as a Troll Fighter on Aug 9, 2023.
             Killed by nerve-wracking pain
             ... invoked by an orc priest
              (12 damage)
             ... on level 4 of the Dungeon.
             The game lasted 00:01:45 (369 turns).

AccursedSamuel the Shield-Bearer (Troll Fighter)     Turns: 369, Time: 00:01:55

Health: -4/36      AC:  4    Str: 26    XL:     3   Next: 69%
Magic:  2/2        EV:  9    Int:  4    God:
Gold:   20         SH:  7    Dex:  9    Spells: 2/2 levels left

rFire   . . .        a - +0 flail
rCold   . . .        c - +0 kite shield
rNeg    . . .        b - +0 robe
rPois   .            (helmet restricted)
rElec   .            (no cloak)
rCorr   .            (gloves unavailable)
SInv    .            (boots unavailable)
Will    .....        (no amulet)
Stlth   +            (no ring)
HPRegen 1.06/turn    (no ring)
MPRegen 0.08/turn

%: no passive effects
@: no status effects
A: large, unfitting armour, claws 3, regeneration 1, shaggy fur 1, tough skin 1
a: no special abilities


You were on level 4 of the Dungeon.
You visited 1 branch of the dungeon, and saw 4 of its levels.

You collected 20 gold pieces.

Inventory:

Hand Weapons
 a - a +0 flail (weapon)
Armour
 b - a +0 robe (worn)
 c - a +0 kite shield (worn)
Scrolls
 e - a scroll of teleportation
 g - a scroll of identify {unknown}
 h - a scroll of immolation {unknown}
 i - a scroll of enchant weapon {unknown}
Potions
 d - a potion of might
 f - 2 potions of mutation {unknown}


   Skills:
 + Level 2.7 Fighting
 + Level 2.5 Maces & Flails
 + Level 2.8 Dodging
 + Level 3.2 Shields


You had 2 spell levels left.
You didn't know any spells.
Your spell library contained the following spells:

 Spells                   Type           Power      Damage    Failure   Level
 Apportation              Tloc           0%         N/A       75%         1
 Summon Forest            Summ/Tloc      0%         N/A       100%        5
 Dispersal                Tloc           0%         N/A       100%        6


Dungeon Overview and Level Annotations

Branches:
Dungeon (4/15)
 Temple: D:4-7

Altars:
Nemelex Xobeh
Vehumet
Wu Jian


Innate Abilities, Weirdness & Mutations

You are too large for most types of armour.
You have claws for hands.
Your natural rate of healing is unusually fast.
You are covered in fur. (AC +1)
You have tough skin. (AC +1)


Message History

You open the door.
There is an open door here.
An orc priest comes into view. It is wielding a +0 hand axe.
The orc priest shouts!
The orc priest mumbles some strange prayers to Beogh against you.
Pain shoots through your body!
An orc comes into view. It is wielding a +0 trident.
An orc comes into view. It is wielding a +0 hand axe.
An orc comes into view. It is wielding a +0 dagger.
An orc comes into view. It is wielding a +0 morningstar.
The orc shouts! x2
The orc priest miscasts a cantrip.
You open the door. You block the orc priest's attack.
There is an open door here.
The orc priest begins to cast a cantrip, but forgets the words!
The orc priest barely misses you.
You thump the orc priest!
The orc priest is severely wounded.
You thump the orc!
You kill the orc!
You barely miss the orc priest.
The orc priest is severely wounded.
The orc priest barely misses you.
The orc priest calls down the wrath of Beogh upon you.
Beogh smites you!
You hit the orc priest.
The orc priest is almost dead.
The orc priest hits you with a +0 hand axe.
You barely miss the orc priest.
The orc priest is almost dead.
The orc priest mumbles some strange prayers to Beogh against you.
Beogh smites you!
You closely miss the orc priest.
The orc priest is almost dead.
The orc priest hits you with a +0 hand axe.
* * * LOW HITPOINT WARNING * * *
The orc priest invokes the aid of Beogh against you.
Pain shoots through your body!
You die...

# ##########
######........######
.....'.......ooo@..+
######.......o######
### #............
..# #.........o.o.
..# ########.......
..# #....... ..#####
#....... ......#
#....... ......#


You could see an orc priest and 3 orcs.

Vanquished Creatures
  A hound (D:4)
  An adder (D:4)
  A worm (D:3)
  An orc (D:4)
  A bat (D:3)
  A giant cockroach (D:3)
  2 jackals (D:4)
  2 quokkas
  A frilled lizard (D:1)
  A goblin (D:4)
  A kobold (D:1)
  A rat (D:1)
14 creatures vanquished.

Notes
Turn   | Place    | Note
-------+----------+-------------------------------------------
     0 | D:1      | AccursedSamuel the Troll Fighter began the quest for the
                  | Orb.
     0 | D:1      | Reached XP level 1. HP: 22/22 MP: 0/0
   119 | D:3      | Got the Almanac of Location
   156 | D:3      | Reached XP level 2. HP: 19/29 MP: 1/1
   269 | D:4      | Reached skill level 3 in Shields
   269 | D:4      | Reached XP level 3. HP: 30/36 MP: 2/2
   281 | D:4      | Found a radiant altar of Vehumet.
   281 | D:4      | Found a sparkling altar of Nemelex Xobeh.
   281 | D:4      | Found an ornate altar of the Wu Jian Council.
   369 | D:4      | Killed from afar by an orc priest

Illustrated notes

Levels and vault maps discovered:
D:1:      roderic_octagonal_star, layout_basic,
          hellmonk_ecumenical_altar_run_dry, minmay_box_of_dots
D:2:      layout_loops_ring
D:3:      layout_basic, serial_aquarium, aquarium_bridge_long_separate
          [aquarium_subvault_wall, aquarium_subvault_wall,
          aquarium_subvault_bridge, aquarium_subvault_wall,
          aquarium_subvault_bridge, aquarium_subvault_bridge],
          aquarium_window_1, aquarium_window_fake, aquarium_view_2d,
          aquarium_view_4, aquarium_pool_1
D:4:      layout_basic, gammafunk_temple_overflow_forgotten,
          portal_sewer_entry_b

Skill      XL: |  1  2 |
---------------+-------+-----
Maces & Flails | 2 |  2.5
Shields        | 3 |  3.2
Fighting       | |  2.7
Dodging        | |  2.8

Action                     || total
---------------------------++-------
  Melee: Flail             ||    68
    Use: Scroll            ||     1
 Armour: Robe              ||    44
  Dodge: Dodged            ||    43
  Block: Kite shield       ||    49
